 Dungeon Crawl Stone Soup version 0.16-a0-922-gae79c9c (webtiles) character file.

8754 Ololoev the Carver (level 11, -14/82 HPs)
             Began as a Centaur Fighter on Sept 30, 2014.
             Was a High Priest of Okawaru.
             Killed from afar by a gargoyle (21 damage)
             ... with a stone arrow
             ... on Level 10 of the Dungeon.
             The game lasted 01:01:39 (15315 turns).

Ololoev the Carver (Centaur Fighter)               Turns: 15315, Time: 01:01:39

HP -14/82        AC 11     Str 25      XL: 11   Next: 14%
MP  19/19        EV 13     Int  7      God: Okawaru [*****.]
Gold 21          SH 10     Dex 19      Spells:  0 memorised, 10 levels left

rFire  + . .     SeeInvis .     J - +0 long sword (freeze)
rCold  . . .     Clarity  .     r - +0 chain mail {rF+}
rNeg   . . .     rCorr    .     c - +0 shield
rPois  .         rRot     .     x - +0 helmet
rElec  .         Spirit   .     e - +2 cloak
SustAb .         Warding  .     (no gloves)
rMut   .         Stasis   .     (no barding)
Gourm  .                        G - amulet of faith
MR     .....                    z - +3 ring of dexterity
                                k - +4 ring of evasion

@: mighty, agile, very quick, not resistant to hostile enchantments, extremely
unstealthy
A: hooves 3, deformed body, speed 2, tough skin 3
a: Heroism, Finesse, Renounce Religion


You were on level 10 of the Dungeon.
You worshipped Okawaru.
Okawaru was extremely pleased with you.
You were not hungry.

You visited 2 branches of the dungeon, and saw 11 of its levels.

You collected 530 gold pieces.
You spent 509 gold pieces at shops.

Inventory:

Hand weapons
 C - a +0 blowgun
 J - a +0 long sword of freezing (weapon)
Missiles
 D - 24 poisoned needles
 E - 5 curare-tipped needles
 F - 3 javelins of penetration (quivered)
Armour
 c - a +0 shield (worn)
 e - a +2 cloak (worn)
 r - a +0 chain mail of fire resistance (worn)
 x - a +0 helmet (worn)
Magical devices
 b - a wand of heal wounds (5)
Comestibles
 d - 7 bread rations
 h - 12 fruits
 q - 6 slices of pizza
 u - 4 meat rations
Scrolls
 g - a scroll of immolation
 l - 2 scrolls of enchant weapon
 p - 5 scrolls of teleportation
 B - a scroll of fog
 H - a scroll of random uselessness {unknown}
 L - 2 scrolls of amnesia {unknown}
Jewellery
 k - a +4 ring of evasion (left hand)
 z - a +3 ring of dexterity (right hand)
 G - an amulet of faith (around neck)
 K - an uncursed amulet of clarity
Potions
 a - a potion of porridge
 f - 3 potions of cancellation
 i - a potion of agility
 j - 3 potions of curing
 m - a potion of poison {unknown}
 o - 2 potions of restore abilities
 t - a potion of magic
 M - a potion of brilliance {unknown}
 N - a potion of flight {unknown}
Miscellaneous
 n - a lamp of fire (inert)


   Skills:
 - Level 3.0 Fighting
 + Level 11.8 Long Blades
 - Level 11.0 Throwing
 - Level 2.1 Armour
 - Level 3.4 Shields
 * Level 6.9 Evocations


You had 10 spell levels left.
You didn't know any spells.

Dungeon Overview and Level Annotations

Branches:
Dungeon (10/15)            Temple (1/1) D:7            Lair (0/8) D:8
    Orc: D:9-12

Altars:
Ashenzari
Cheibriados
Dithmenos
Elyvilon
Fedhas
Gozag
Kikubaaqudgha
Makhleb
Nemelex Xobeh
Okawaru
Qazlal
Ru
Sif Muna
Trog
Vehumet
Xom
Yredelemnul
Zin
The Shining One

Shops:
D:4 %   D:7 }   D:8 [   D:10 *


Innate Abilities, Weirdness & Mutations

You have hooves in place of feet.
Armour fits poorly on your strangely shaped body.
You cover ground very quickly.
You have extremely tough skin (AC +3).


Message History

The killer bee stings you but does no damage.
The gargoyle barely misses you. The killer bee closely misses you.
The killer bee stings you but does no damage.
You slash the killer bee! You freeze the killer bee.
You kill the killer bee!
Okawaru accepts your kill. The killer bee stings you.
* * * LOW HITPOINT WARNING * * *
The gargoyle hurls a stone arrow at you.
The stone arrow hits you!
* * * LOW HITPOINT WARNING * * *
The killer bee stings you but does no damage.
Read which item? (? for menu, Esc to quit)
Charge which item? (? for menu, Esc to quit)
As you read the scroll of recharging, it crumbles to dust.
Your wand of heal wounds {empty} glows for a moment.
The killer bee stings you but does no damage.
The gargoyle hurls a stone arrow at you.
The stone arrow hits you!
You die...

#........####.###.#.#.#.####...
................##.#.#.#.##.....
#.....................#.##.....
..............................
..............................
.............................
................[...........
.........#y....#...........
.########@.....#..........
#.9....#..........
.(............###........
(.......................
(.......................
#######.................
#..........###.... ###........#
#.... #........###....


You could see a gargoyle and a killer bee.

Vanquished Creatures
  An unseen horror (D:10)
  A hill giant (D:10)
  An elephant (D:8)
  A hydra zombie (D:10)
  A troll (D:9)
  A yak (D:8)
  A wyvern (D:9)
  A hill giant zombie (D:10)
  A human (D:7)
  Grum (D:8)
  A hill giant skeleton (D:9)
  Edmund (D:8)
  3 wolves
  A water moccasin (D:9)
  2 orc warriors (D:9)
  3 sky beasts
  A phantom (D:7)
  3 ice beasts
  7 ogres
  A yellow wasp (D:10)
  2 crocodiles
  Duvessa (D:7)
  2 centaurs
  4 giant frogs
  4 scorpions
  A yak zombie (D:8)
  17 killer bees
  A troll skeleton (D:7)
  5 wights (D:9)
  Dowan (D:7)
  2 quasits
  2 crimson imps
  5 goliath beetles
  3 hounds
  A gnoll shaman (D:7)
  Crazy Yiuf (D:2)
  An elf zombie (D:7)
  2 iguanas
  3 jellies
  5 orc priests
  A centaur skeleton (D:8)
  13 orc wizards
  10 worker ants
  2 killer bee zombies (D:8)
  4 sheep (D:7)
  2 ogre skeletons
  Terence (D:2)
  15 gnolls
  7 adders
  A giant mite (D:3)
  2 shadow imps
  3 worms
  An iguana skeleton (D:3)
  3 oozes
  A giant gecko (D:9)
  46 orcs
  2 ball pythons
  6 giant cockroaches
  13 goblins
  15 hobgoblins
  2 jackals (D:3)
  5 quokkas
  12 bats
  A giant gecko skeleton (D:4)
  5 giant newts
  2 hobgoblin skeletons
  2 hobgoblin zombies
  13 kobolds
  A kobold skeleton (D:7)
  14 rats
  A rat skeleton (D:3)
  A spectral orc (D:6)
303 creatures vanquished.

Vanquished Creatures (collateral kills)
  A troll (D:10)
  A phantom (D:10)
  2 gnolls (D:7)
4 creatures vanquished.

Grand Total: 307 creatures vanquished

Notes
Turn   | Place    | Note
--------------------------------------------------------------
     0 | D:1      | Ololoev, the Centaur Fighter, began the quest for the Orb.
     0 | D:1      | Reached XP level 1. HP: 19/19 MP: 1/1
   376 | D:1      | Reached XP level 2. HP: 26/26 MP: 2/2
   816 | D:2      | Noticed Terence
   829 | D:2      | Killed Terence
   829 | D:2      | Reached XP level 3. HP: 20/31 MP: 3/3
  1122 | D:2      | Noticed Crazy Yiuf
  1134 | D:2      | Paralysed by Crazy Yiuf for 6 turns
  1555 | D:2      | Killed Crazy Yiuf
  1555 | D:2      | Reached XP level 4. HP: 23/38 MP: 3/3
  2521 | D:3      | Reached skill level 4 in Long Blades
  2526 | D:3      | Reached XP level 5. HP: 39/45 MP: 4/4
  3524 | D:4      | Reached XP level 6. HP: 46/51 MP: 5/5
  3643 | D:4      | Found Guaris' Food Shoppe.
  3921 | D:5      | Entered Level 5 of the Dungeon
  3939 | D:5      | Noticed an angel
  3940 | D:5      | Found a glowing silver altar of Zin.
  4131 | D:5      | Reached skill level 1 in Throwing
  4136 | D:5      | Reached skill level 5 in Long Blades
  4142 | D:5      | HP: 1/51 [orc/trident (10)]
  4957 | D:5      | Reached XP level 7. HP: 57/57 MP: 5/5
  4999 | D:5      | Found a shadowy altar of Dithmenos.
  5087 | D:5      | Reached skill level 5 in Throwing
  5496 | D:6      | Found a sparkling altar of Nemelex Xobeh.
  5504 | D:6      | Reached skill level 6 in Throwing
  5743 | D:6      | Found a basalt altar of Yredelemnul.
  6145 | D:6      | Found a snail-covered altar of Cheibriados.
  6170 | D:6      | Reached skill level 7 in Throwing
  6170 | D:6      | Reached XP level 8. HP: 63/63 MP: 6/6
  6609 | D:7      | Reached skill level 8 in Throwing
  6611 | D:7      | Noticed Duvessa
  6614 | D:7      | Noticed Dowan
  7001 | D:7      | Found a staircase to the Ecumenical Temple.
  7008 | Temple   | Entered the Ecumenical Temple
  7028 | Temple   | Became a worshipper of Warmaster Okawaru
  7198 | D:7      | Reached skill level 9 in Throwing
  7828 | D:7      | Killed Duvessa
  7835 | D:7      | Killed Dowan
  7835 | D:7      | Reached skill level 10 in Throwing
  7937 | D:7      | Found a glowing golden altar of the Shining One.
  8036 | D:7      | Reached XP level 9. HP: 19/69 MP: 7/7
  8052 | D:7      | Acquired Okawaru's first power
  8714 | D:7      | Found Ylalaen's Gadget Shop.
  8846 | D:7      | Reached skill level 11 in Throwing
  9997 | D:8      | Noticed Edmund
 10022 | D:8      | Killed Edmund
 10038 | D:8      | Noticed an elephant
 10047 | D:8      | Noticed Grum
 10110 | D:8      | Killed Grum
 10127 | D:8      | Killed an elephant
 10127 | D:8      | Reached skill level 10 in Long Blades
 10133 | D:8      | Reached XP level 10. HP: 49/77 MP: 7/7
 10701 | D:8      | Found a staircase to the Lair.
 11101 | D:8      | Found Zofopuf's Antique Armour Shoppe.
 11231 | D:8      | Found a radiant altar of Vehumet.
 11795 | D:9      | Found a shattered altar of Ashenzari.
 12036 | D:9      | Reached skill level 1 in Evocations
 12486 | D:9      | Received a gift from Okawaru
 12862 | D:9      | Found a glowing golden altar of the Shining One.
 13678 | D:10     | Entered Level 10 of the Dungeon
 13855 | D:10     | Reached skill level 5 in Evocations
 13899 | D:10     | Noticed a hill giant
 13901 | D:10     | Killed a hill giant
 14071 | D:10     | Found Qudgh's Assorted Antiques.
 14115 | D:10     | Killed an unseen horror
 14115 | D:10     | Reached XP level 11. HP: 36/82 MP: 16/18
 14239 | D:10     | Received a gift from Okawaru
 14394 | D:7      | Bought a lamp of fire for 440 gold pieces
 14556 | D:10     | Bought a scroll labeled QIUSSO JIEQ for 24 gold pieces
 14556 | D:10     | Bought an emulsified pink potion for 21 gold pieces
 14556 | D:10     | Bought a scroll labeled QIUSSO JIEQ for 24 gold pieces
 14634 | D:10     | Paralysed by a yellow wasp for 1 turns
 15084 | D:10     | Acquired Okawaru's second power
 15315 | D:10     | Killed from afar by a gargoyle

Action                   |  1- 3 |  4- 6 |  7- 9 | 10-12 || total
-------------------------+-------+-------+-------+-------++-------
Melee: Long sword        |    96 |   263 |   394 |   361 ||  1114
 Fire: Blowgun           |       |    29 |   107 |    88 ||   224
Throw: Javelin           |       |       |       |    11 ||    11
Evoke: Wand              |       |     2 |    16 |    21 ||    39
       Lamp of fire      |       |       |       |     1 ||     1
  Use: Potion            |     1 |       |     2 |     8 ||    11
       Scroll            |       |    10 |     3 |    10 ||    23
 Stab: Invisible         |       |       |     2 |       ||     2
       Distracted        |       |       |     2 |     1 ||     3
       Paralysed         |       |       |       |     5 ||     5
  Eat: Chunk             |     1 |     9 |    11 |     9 ||    30
       Royal jelly       |       |       |     1 |       ||     1
       Beef jerky        |       |       |     1 |     2 ||     3
       Pizza             |       |       |       |     2 ||     2
